 Dungeon Crawl Stone Soup version 0.22-a0-402-ga933591 (webtiles) character file.

270 Borgoz the Skirmisher (level 6, -2/39 HPs)
             Began as a Gargoyle Fighter on May 6, 2018.
             Killed by divine providence
             ... invoked by an orc priest
              (10 damage)
             ... on level 4 of the Dungeon.
             The game lasted 00:05:18 (3072 turns).

Borgoz the Skirmisher (Gargoyle Fighter)            Turns: 3072, Time: 00:05:19

Health: -2/39      AC: 13    Str: 24    XL:     6   Next: 22%
Magic:  6/6        EV:  7    Int:  8    God:
Gold:   269        SH: 10    Dex: 11    Spells: 5/5 levels left

rFire    . . .     SeeInvis .   a - +0 flail
rCold    . . .     Gourm    .   c - +0 shield
rNeg     + . .     Faith    .   b - +0 scale mail
rPois    ∞         Spirit   .   (no helmet)
rElec    +         Reflect  .   (no cloak)
rCorr    .         Harm     .   i - +1 pair of gloves
MR       .....                  (no boots)
Stlth    ..........             (no amulet)
HPRegen  0.13/turn              s - +4 ring of strength
MPRegen  0.10/turn              (no ring)

@: slowed, very slow
A: negative energy resistance 1, electricity resistance, unbreathing,
petrification resistance, rot immunity, AC +4
a: no special abilities


You were on level 4 of the Dungeon.
You were hungry.

You visited 1 branch of the dungeon, and saw 4 of its levels.

You collected 269 gold pieces.

Inventory:

Hand Weapons
 a - a +0 flail (weapon)
Armour
 b - a +0 scale mail (worn)
 c - a +0 shield (worn)
 i - a +1 pair of gloves (worn)
Jewellery
 s - a +4 ring of strength (left hand)
Wands
 j - a wand of paralysis (14)
Scrolls
 e - 3 scrolls of identify {unknown}
 g - 2 scrolls of enchant armour {unknown}
 h - a scroll of teleportation {unknown}
 k - 3 scrolls of immolation {unknown}
 l - a scroll of amnesia {unknown}
 n - a scroll of blinking {unknown}
 r - a scroll of fear {unknown}
Potions
 d - 2 potions of brilliance {unknown}
 m - a potion of degeneration {unknown}
 o - a potion of magic {unknown}
 p - a potion of flight {unknown}
 q - 3 potions of curing {unknown}
 t - a potion of lignification {unknown}
 u - a potion of mutation {unknown}
 v - a potion of might
Comestibles
 f - 6 rations


   Skills:
 + Level 4.6 Fighting
 + Level 3.5 Maces & Flails
 + Level 4.6 Armour
 + Level 4.6 Shields


You had 5 spell levels left.
You didn't know any spells.

Dungeon Overview and Level Annotations

Branches:
Dungeon (4/15)
 Temple: D:4-7

Altars:


Innate Abilities, Weirdness & Mutations

You are resistant to torment.
Your stone body is resilient. (AC +4)
You are immune to poison.
You resist negative energy. (rN+)
You are resistant to electric shocks. (rElec)
You can survive without breathing.
You are immune to petrification.
You are immune to rotting.


Message History

The orc wizard casts a spell at you. The magic dart hits you!
The orc priest hits you but does no damage.
You block the adder's attack. The orc wizard hits you with a dagger.
You closely miss the orc priest.
The orc priest is heavily wounded.
You block the adder's attack.
The orc wizard hits you but does no damage.
You block the adder's attack.
The orc priest invokes the aid of Beogh against you.
Beogh smites you!
* * * LOW HITPOINT WARNING * * *
You sock the orc wizard!
The orc wizard is heavily wounded.
The adder bites you.
* * * LOW HITPOINT WARNING * * *
The orc wizard hits you but does no damage. x2
The orc priest calls down the wrath of Beogh upon you.
Beogh smites you!
You die...

..........# ####..#
##.. .#.......##
##.## #...
..####..## ##.##
#... #..######
##.## ####
......#### ##..#
...##....###..###
..######........###
### ####..#.oo.# #
#÷..oo@.# #....S###
#..#.o.##
#..##...### #####
#..####.S.##
###....# #.##
##...####......##
#.#
##...##........#
#.# ###..o........#
#.# #.....o{o...#


You could see an orc priest, 2 orc wizards, an adder and 2 orcs.

Vanquished Creatures
  A scorpion (D:2)
  2 hounds (D:4)
  An orc wizard (D:3)
  4 adders
  2 oozes
  3 worms
  4 dart slugs
  A leopard gecko (D:2)
  7 orcs
  3 bats
  A giant cockroach (D:1)
  7 goblins
  7 hobgoblins
  4 jackals (D:2)
  A ball python (D:4)
  6 frilled lizards
  7 kobolds
  10 rats
71 creatures vanquished.

Notes
Turn   | Place    | Note
-------+----------+-------------------------------------------
     0 | D:1      | Borgoz the Gargoyle Fighter began the quest for the Orb.
     0 | D:1      | Reached XP level 1. HP: 14/14 MP: 1/1
    90 | D:1      | Reached XP level 2. HP: 13/19 MP: 2/2
   536 | D:1      | Reached XP level 3. HP: 18/23 MP: 3/3
  1244 | D:2      | Noticed a scorpion
  1254 | D:2      | Killed a scorpion
  1254 | D:2      | Reached XP level 4. HP: 19/29 MP: 4/4
  1304 | D:2      | Found a faded altar of an unknown god.
  1381 | D:2      | Reached XP level 5. HP: 33/33 MP: 5/5
  2740 | D:4      | Reached XP level 6. HP: 37/39 MP: 6/6
  3072 | D:4      | Killed from afar by an orc priest

Vault maps used:
D:1:      lightli_molten_gateway
D:2:      chequers_ecumenical_altar_twisty

Skill      XL: |  1  2  3  4 |
---------------+-------------+-----
Fighting       | 4 |  4.6
Armour         | 4 |  4.6
Shields        | 4 |  4.6
Maces & Flails | 3 |  3.5

Action                   |  1- 3 |  4- 6 || total
-------------------------+-------+-------++-------
Melee: Flail             |   153 |   162 ||   315
  Use: Potion            |     1 |       ||     1
  Eat: Chunk             |     1 |     6 ||     7
Armor: Scale mail        |    64 |    91 ||   155
Dodge: Dodged            |    42 |    46 ||    88
Block: Shield            |    62 |    95 ||   157

Table legend:
 A = Spawn XP
 B = Non-spawn XP
 C = Spawn XP percentage of total XP
 D = Spawn monster count
 E = Non-spawn monster count
 F = Spawn count percentage of total count
 G = Total turns spent on level
                    A         B        C        D         E        F      G
               +---------+---------+-------+---------+---------+-------+---------
         Total |       0 |     386 |   0.0 |       0 |      71 |   0.0 |  3072
               +---------+---------+-------+---------+---------+-------+---------
           D:1 |       0 |      49 |   0.0 |       0 |      24 |   0.0 |   886
           D:2 |       0 |     133 |   0.0 |       0 |      25 |   0.0 |   812
           D:3 |       0 |     104 |   0.0 |       0 |      17 |   0.0 |   808
           D:4 |       0 |     100 |   0.0 |       0 |       5 |   0.0 |   566
               +---------+---------+-------+---------+---------+-------+---------
